 Dungeon Crawl Stone Soup version 0.30-a0-364-gf6b3ef1049 (webtiles) character file.

Game seed: 2128055754831709920

92 KKCryptic the Martial Artist (level 4, 0/34 HPs)
             Began as a Gnoll Wanderer on Nov 13, 2022.
             Slain by a gnoll
             ... wielding a +0 halberd
              (8 damage)
             ... on level 4 of the Dungeon on Nov 15, 2022.
             The game lasted 00:17:06 (3202 turns).

KKCryptic the Martial Artist (Gnoll Wanderer)       Turns: 3202, Time: 00:17:07

Health: 0/34       AC: 10    Str: 16    XL:     4   Next: 60%
Magic:  5/5        EV:  7    Int: 12    God:
Gold:   116        SH:  0    Dex: 13    Spells: 5/5 levels left

rFire   . . .      SeeInvis .    b - +0 dagger (elec)
rCold   . . .      Faith    .    (no shield)
rNeg    . . .      Spirit   .    o - +0 chain mail
rPois   +          Reflect  .    c - +1 helmet of the Forest {rPois}
rElec   .          Harm     .    (no cloak)
rCorr   .          Rampage  .    (no gloves)
Will    .....                    (no boots)
Stlth   ..........               v - amulet of Xom's Malicious Joy {Acrobat Str+5}
HPRegen 0.25/turn                k - ring of flight
MPRegen 0.09/turn                (no ring)

@: flying
A: fangs 1, strong nose, distributed training
a: no special abilities


You were on level 4 of the Dungeon.
You visited 1 branch of the dungeon, and saw 4 of its levels.

You collected 150 gold pieces.
You spent 34 gold pieces at shops.

Inventory:

Hand Weapons
 a - a +0 sling
 b - a +0 dagger of electrocution (weapon)
 j - a +0 dagger of draining
Missiles
 q - 5 poisoned darts (quivered)
Armour
 c - the +1 helmet of the Forest (worn) {rPois}
   (You found it on level 3 of the Dungeon)

   rPois:     It protects you from poison.
 o - a +0 chain mail (worn)
Jewellery
 k - a ring of flight (left hand)
 v - the amulet of Xom's Malicious Joy (around neck) {Acrobat Str+5}
   (You found it on level 2 of the Dungeon)

   [amulet of the acrobat]

   It increases your evasion while moving and waiting.
   Str:       It affects your strength (+5).
Wands
 p - a wand of roots (7)
Scrolls
 f - a scroll of identify
 g - 4 scrolls of teleportation
 h - 2 scrolls of fog
 l - 3 scrolls of blinking
 m - a scroll of poison {unknown}
 u - a scroll of noise {unknown}
Potions
 d - a potion of magic {unknown}
 e - 2 potions of curing
 i - 2 potions of flight
 n - a potion of heal wounds
 r - a potion of cancellation {unknown}
 s - a potion of mutation {unknown}
 t - a potion of lignification {unknown}


   Skills:
 + Level 2.8 Fighting
 + Level 1.2 Short Blades
 + Level 1.2 Long Blades
 + Level 1.2 Axes
 + Level 1.2 Maces & Flails
 + Level 1.2 Polearms
 + Level 1.2 Staves
 + Level 2.8 Ranged Weapons
 + Level 2.8 Throwing
 + Level 1.2 Armour
 + Level 1.2 Dodging
 + Level 6.1 Stealth
 + Level 1.2 Shields
 + Level 8.6 Unarmed Combat
 + Level 1.2 Spellcasting
 + Level 1.0 Conjurations
 + Level 1.0 Hexes
 + Level 1.0 Summonings
 + Level 1.0 Necromancy
 + Level 1.0 Translocations
 + Level 1.0 Transmutations
 + Level 1.0 Fire Magic
 + Level 1.0 Ice Magic
 + Level 1.0 Air Magic
 + Level 1.0 Earth Magic
 + Level 1.0 Poison Magic
 + Level 1.3 Invocations
 + Level 1.2 Evocations


You had 5 spell levels left.
You didn't know any spells.
Your spell library contained the following spells:

 Spells                   Type           Power      Damage    Failure   Level
 Confusing Touch          Hex            3%         N/A       100%        3
 Dazzling Flash           Conj/Hex       6%         N/A       100%        3
 Inner Flame              Hex/Fire       3%         N/A       100%        3
 Stone Arrow              Conj/Erth      6%         3d7       100%        3
 Animate Armour           Summ/Erth      6%         N/A       100%        4
 Fulminant Prism          Conj/Hex       1%         3d5       100%        4
 Yara's Violent Unravell  Hex/Tmut       1%         3d3       100%        5
 Lehudib's Crystal Spear  Conj/Erth      1%         10d2      100%        8


Dungeon Overview and Level Annotations

Branches:
Dungeon (4/15)
 Temple: D:4-7

Altars:
Makhleb

Shops:
D:1 [   D:2 *

Annotations:
D:2 Sigmund


Innate Abilities, Weirdness & Mutations

You have very sharp teeth.
Your uncanny sense of smell can sniff out nearby items.
Your experience applies equally to all skills.


Message History

Your Hexes skill increases to level 1!
Your Summonings skill increases to level 1!
Your Necromancy skill increases to level 1!
Your Translocations skill increases to level 1!
Your Transmutations skill increases to level 1!
Your Fire Magic skill increases to level 1!
Your Ice Magic skill increases to level 1!
Your Air Magic skill increases to level 1!
Your Earth Magic skill increases to level 1!
Your Poison Magic skill increases to level 1!
You hit the gnoll but do no damage. The gnoll hits you but does no damage.
You hit the gnoll.
The gnoll is lightly wounded.
The gnoll hits you from afar with a +0 halberd!
The gnoll hits you with a +0 whip.
You hit the gnoll. Your bite misses the gnoll.
The gnoll is moderately wounded.
The gnoll hits you with a +0 whip. The gnoll attacks as you move away!
The gnoll hits you with a +0 whip. The gnoll attacks as you move away!
The gnoll closely misses you.
Okay, then.
Okay, then.
Okay, then.
You see here a hobgoblin corpse.
The gnoll attacks as you move away! The gnoll misses you.
The gnoll attacks as you move away! The gnoll completely misses you.
You hit the gnoll. Lightning courses through the gnoll!
You kill the gnoll!
The gnoll completely misses you.
You barely miss the gnoll. The gnoll barely misses you.
You completely miss the gnoll. The gnoll hits you with a +0 halberd.
You closely miss the gnoll. You bite the gnoll, but do no damage.
The gnoll barely misses you.
You barely miss the gnoll. The gnoll hits you with a +0 halberd.
You hit the gnoll but do no damage. The gnoll hits you with a +0 halberd.
* * * LOW HITPOINT WARNING * * *
You hit the gnoll.
The gnoll is lightly wounded.
The gnoll hits you with a +0 halberd!
You die...

###################
).........†...)...#
################g##
#@# #.# #.# . #.# .
∆ #.# .. #.# #.#
#.# #.#


You could see a gnoll.

Vanquished Creatures
  2 gnolls (D:4)
  A worm (D:2)
  A dart slug (D:3)
  5 endoplasms
  3 giant cockroaches
  8 goblins
  9 hobgoblins
  6 kobolds
  3 quokkas (D:2)
  3 ball pythons
  4 bats
  13 frilled lizards
  6 rats
64 creatures vanquished.

Vanquished Creatures (others)
  7 plants (D:1)
7 creatures vanquished.

Grand Total: 71 creatures vanquished

Notes
Turn   | Place    | Note
-------+----------+-------------------------------------------
     0 | D:1      | KKCryptic the Gnoll Wanderer began the quest for the Orb.
     0 | D:1      | KKCryptic set off with the following items: a +0 sling, a
                  | scroll of blinking, a scroll of fear, a +0 helmet, a potion
                  | of curing, a +0 leather armour.
     0 | D:1      | Reached XP level 1. HP: 17/17 MP: 1/1
   209 | D:1      | Reached XP level 2. HP: 23/23 MP: 2/2
   222 | D:1      | Found Kethei's Antique Armour Emporium.
   516 | D:1      | Reached XP level 3. HP: 26/28 MP: 3/3
   524 | D:1      | Upgraded the game from 0.30-a0-360-g447f08457e to
                  | 0.30-a0-364-gf6b3ef1049
   949 | D:1      | Reached skill level 1 in Invocations
  1113 | D:2      | Found Qofycw's Assorted Antiques.
  1168 | D:2      | Bought an inky potion for 17 gold pieces
  1168 | D:2      | Bought a fuming clear potion for 17 gold pieces
  1411 | D:2      | Noticed Sigmund
  1471 | D:2      | Reached skill level 1 in Short Blades
  1471 | D:2      | Reached skill level 1 in Long Blades
  1471 | D:2      | Reached skill level 1 in Axes
  1471 | D:2      | Reached skill level 1 in Maces & Flails
  1471 | D:2      | Reached skill level 1 in Polearms
  1471 | D:2      | Reached skill level 1 in Staves
  1471 | D:2      | Reached skill level 1 in Armour
  1471 | D:2      | Reached skill level 1 in Dodging
  1471 | D:2      | Reached skill level 1 in Shields
  1471 | D:2      | Reached skill level 1 in Spellcasting
  1471 | D:2      | Reached skill level 1 in Evocations
  1764 | D:2      | Reached XP level 4. HP: 34/34 MP: 5/5
  1837 | D:2      | Identified the amulet of Xom's Malicious Joy {Acrobat
                  | Str+5}
  2213 | D:3      | Found a burning altar of Makhleb.
  2268 | D:3      | Got the Parchment of Execration
  2361 | D:3      | Identified the +1 helmet of the Forest {rPois}
  3175 | D:4      | Reached skill level 1 in Conjurations
  3175 | D:4      | Reached skill level 1 in Hexes
  3175 | D:4      | Reached skill level 1 in Summonings
  3175 | D:4      | Reached skill level 1 in Necromancy
  3175 | D:4      | Reached skill level 1 in Translocations
  3175 | D:4      | Reached skill level 1 in Transmutations
  3175 | D:4      | Reached skill level 1 in Fire Magic
  3175 | D:4      | Reached skill level 1 in Ice Magic
  3175 | D:4      | Reached skill level 1 in Air Magic
  3175 | D:4      | Reached skill level 1 in Earth Magic
  3175 | D:4      | Reached skill level 1 in Poison Magic
  3202 | D:4      | Slain by a gnoll

Illustrated notes

Levels and vault maps discovered:
D:1:      elethiomel_arrival_quiet, layout_basic, serial_shops,
          nicolae_shop_advertising_works [nicolae_subvault_shop_adworks],
          minmay_lizard_king
D:2:      layout_loops_corners, serial_shops, nicolae_shop_hallway_stairs,
          kennysheep_generic_room_6, uniq_sigmund
D:3:      layout_loops_corners, lightli_temple_of_fire
D:4:      layout_basic, general_overflow_altar

Skill      XL: |  1  2  3  4 |
---------------+-------------+-----
Stealth        | 6 |  6.1
Invocations    | 1 |  1.3
Short Blades   | 1 |  1.2
Long Blades    | 1 |  1.2
Axes           | 1 |  1.2
Maces & Flails | 1 |  1.2
Polearms       | 1 |  1.2
Staves         | 1 |  1.2
Armour         | 1 |  1.2
Dodging        | 1 |  1.2
Shields        | 1 |  1.2
Spellcasting   | 1 |  1.2
Evocations     | 1 |  1.2
Conjurations   | 1 |  1.0
Hexes          | 1 |  1.0
Summonings     | 1 |  1.0
Necromancy     | 1 |  1.0
Translocations | 1 |  1.0
Transmutations | 1 |  1.0
Fire Magic     | 1 |  1.0
Ice Magic      | 1 |  1.0
Air Magic      | 1 |  1.0
Earth Magic    | 1 |  1.0
Poison Magic   | 1 |  1.0
Fighting       | |  2.8
Ranged Weapons | |  2.8
Throwing       | |  2.8
Unarmed Combat | |  8.6

Action                   |  1- 3 |  4- 6 || total
-------------------------+-------+-------++-------
Melee: Dagger            |    78 |    48 ||   126
       Whip              |     8 |       ||     8
       Bite              |    11 |     5 ||    16
       Punch             |     2 |     3 ||     5
 Fire: Sling             |    94 |    15 ||   109
  Use: Scroll            |     2 |     3 ||     5
 Stab: Sleeping          |     1 |       ||     1
Armor: Leather armour    |     1 |       ||     1
       Ring mail         |    25 |     7 ||    32
       Chain mail        |       |    10 ||    10
Dodge: Dodged            |    52 |    24 ||    76

Table legend: (Time is in decaauts)
 A = Elapsed time spent in this place.
 B = Non-inter-level travel time spent in this place.
 C = Inter-level travel time spent in this place.
 D = Time resting spent in this place.
 E = Time spent auto-exploring this place.
 F = Levels seen in this place.
 G = Mean time per level.
                   A        B        C        D        E       F      G
               +--------+--------+--------+--------+--------+-----+--------+
         Total |   3217 |   3014 |    203 |    162 |   1729 |   4 |  804.2 |
       Dungeon |   3217 |   3014 |    203 |    162 |   1729 |   4 |  804.2 |
               +--------+--------+--------+--------+--------+-----+--------+

Top non-repeatable levels by time:
     D:1: 1124 daAuts
     D:3: 996 daAuts
     D:2: 965 daAuts
     D:4: 130 daAuts
